 Dungeon Crawl Stone Soup version 0.30.0-18-gc0e69614cb (webtiles) character file.

Game seed: 12056883282358908359

58 IndexError the Firebug (level 3, 0/26 HPs)
             Began as a Draconian Fire Elementalist on May 25, 2023.
             Killed from afar by an orc wizard (13 damage)
             ... with a puff of flame
             ... on level 3 of the Dungeon.
             The game lasted 00:03:27 (1118 turns).

IndexError the Firebug (DrFE)                       Turns: 1118, Time: 00:03:27

Health: 0/26       AC:  5    Str: 10    XL:     3   Next: 76%
Magic:  1/6        EV: 12    Int: 17    God:
Gold:   56         SH:  0    Dex: 11    Spells: 1/7 levels left

rFire   . . .        e - +0 whip (elec)
rCold   . . .        (no shield)
rNeg    . . .        (body armour unavailable)
rPois   .            (helmet restricted)
rElec   .            (no cloak)
rCorr   .            (no gloves)
SInv    .            (no boots)
Will    .....        (no amulet)
Stlth   ++           (no ring)
HPRegen 0.24/turn    (no ring)
MPRegen 0.10/turn

%: no passive effects
@: no status effects
A: AC +5, unfitting armour, cold-blooded
a: no special abilities


You were on level 3 of the Dungeon.
You visited 1 branch of the dungeon, and saw 3 of its levels.

You collected 56 gold pieces.

Inventory:

Hand Weapons
 e - a +0 whip of electrocution (weapon)
   (You took it off a kobold on level 1 of the Dungeon)
Missiles
 d - 3 curare-tipped darts
Scrolls
 f - a scroll of torment {unknown}
Potions
 a - a potion of magic
 b - a potion of mutation {unknown}
 c - a potion of curing {unknown}
 g - a potion of haste {unknown}
 h - a potion of heal wounds {unknown}


   Skills:
 - Level 1.7 Dodging
 - Level 1.7 Stealth
 + Level 2.5 Spellcasting
 + Level 2.0 Conjurations
 * Level 4.0 Fire Magic


You had one spell level left.
You knew the following spells:

 Your Spells              Type           Power      Damage    Failure   Level
a - Foxfire               Conj/Fire      48%        2x1d6     5%          1
b - Scorch                Fire           30%        2d6       5%          2
c - Inner Flame           Hex/Fire       8%         N/A       24%         3

Your spell library contained the following spells:

 Spells                   Type           Power      Damage    Failure   Level
 Volatile Blastmotes      Fire/Tloc      16%        2d11      24%         3
 Flame Wave               Conj/Fire      12%        2d6       47%         4


Dungeon Overview and Level Annotations

Branches:
Dungeon (2/15)

Altars:


Innate Abilities, Weirdness & Mutations

Your plain brown scales are hard. (AC +5)
You cannot fit into any form of body armour.
You are cold-blooded and may be slowed by cold attacks.


Message History

Lightning courses through the sleepcap!!
You tail-slap the sleepcap. The sleepcap barely misses you.
Your magical contamination has completely faded away.
You hit the sleepcap. The sleepcap barely misses you.
You hit the sleepcap. You tail-slap the sleepcap.
The sleepcap barely misses you.
You hit the sleepcap. Lightning courses through the sleepcap!
You have reached level 3!
Your experience leads to an increase in your attributes!
Increase (s)trength, (i)ntelligence, or (d)exterity?
You feel clever. x2; Your scales feel tougher.
Health restored: 26 This spell is extremely dangerous to cast!
Memorise Inner Flame, consuming 3 spell levels and leaving 1? [Y]es or [N]o only, please.
Memorise Inner Flame, consuming 3 spell levels and leaving 1?
You start memorising the spell.
You continue memorising. x3
You finish memorising.
Spell assigned to 'c'.
An orc comes into view. It is wielding a +0 mace.
Casting: Foxfire (safe; 5% risk of failure)
Press: ? - help, Q - select action, (/) - cycle Dir - look around, f - activate You conjure some foxfire!
The orc shouts!
You hear a shout!
You now have 1/6 mp.
Casting: Foxfire (safe; 5% risk of failure)
Press: ? - help, Q - select action, (/) - cycle Dir - look around, f - activate You conjure some foxfire!
You now have 0/6 mp.
The foxfire hits the orc. x2
An orc comes into view. It is wielding a +0 short sword.
An orc is nearby!
Casting: Foxfire (safe; 5% risk of failure)
Press: ? - help, Q - select action, (/) - cycle Dir - look around, f - activate You conjure some foxfire!
The orc shouts!
You now have 0/6 mp.
An orc comes into view. It is wielding a +0 short sword.
The foxfire hits the orc.
The foxfire hits the orc.
The orc barely misses you.
You hit the orc. Lightning courses through the orc!
Your Conjurations skill increases to level 2!
Your Fire Magic skill increases to level 4!
Found a stone staircase leading down.
You see here a +0 short sword.
Magic restored.
Things that are here:
a +0 mace; a +0 chain mail
h - a fuming brown potion MP restored: 6 An orc wizard comes into view.
It is wielding a +0 dagger.
An orc wizard is nearby!
Casting: Foxfire (safe; 5% risk of failure)
Press: ? - help, Q - select action, (/) - cycle Dir - look around, f - activate You conjure some foxfire!
The orc wizard shouts!
You now have 5/6 mp.
Casting: Foxfire (safe; 5% risk of failure)
Press: ? - help, Q - select action, (/) - cycle Dir - look around, f - activate You conjure some foxfire!
You now have 4/6 mp.
Casting: Foxfire (safe; 5% risk of failure)
Press: ? - help, Q - select action, (/) - cycle Dir - look around, f - activate You miscast Foxfire.
You are very lightly contaminated with residual magic.
Nothing appears to happen.
You now have 3/6 mp.
Casting: Foxfire (safe; 5% risk of failure)
Press: ? - help, Q - select action, (/) - cycle Dir - look around, f - activate You conjure some foxfire!
You now have 2/6 mp.
Casting: Foxfire (safe; 5% risk of failure)
Press: ? - help, Q - select action, (/) - cycle Dir - look around, f - activate You conjure some foxfire!
The foxfire hits the orc wizard but does no damage.
You now have 1/6 mp.
Casting: Foxfire (safe; 5% risk of failure)
Press: ? - help, Q - select action, (/) - cycle Dir - look around, f - activate You conjure some foxfire!
The foxfire hits the orc wizard.
The foxfire hits the orc wizard but does no damage.
You now have 0/6 mp.
The foxfire hits the orc wizard. x3
You hit the orc wizard.
The orc wizard hits you but does no damage.
You closely miss the orc wizard. You tail-slap the orc wizard.
The orc wizard misses you.
Your magical contamination has completely faded away.
You closely miss the orc wizard.
Your tail-slap misses the orc wizard.
The orc wizard barely misses you.
You barely miss the orc wizard. The orc wizard barely misses you.
You closely miss the orc wizard.
The orc wizard gestures at you while chanting.
The puff of flame hits you!
Ouch! That really hurt!
The orc wizard gestures at you while chanting.
The puff of flame hits you!
Ouch! That really hurt!
You die...

### #...# # ...§..
## #.#.#.#.#.#
##.........##
#.#.#.#.#.#.#
........§...##
..#.#.#.#.#o#.#
##...........@..#
.>.#.#.#.#.#.#.#.#
.#.......§.......#
....#.#.#.#.#.#..#
.#.#...).).....#."!
....)#.#.#.#.#.##.##
#.#...)..........# #
#.##.#.#.#.#.#####
#.##.##........##


You could see an orc wizard.

Vanquished Creatures
  A sleepcap (D:3)
  3 orcs (D:3)
  3 endoplasms (D:1)
  3 goblins (D:1)
  3 hobgoblins (D:1)
  4 jackals (D:1)
  3 kobolds
  A frilled lizard (D:1)
  A rat (D:1)
22 creatures vanquished.

Vanquished Creatures (others)
  52 foxfires
52 creatures vanquished.

Grand Total: 74 creatures vanquished

Notes
Turn   | Place    | Note
-------+----------+-------------------------------------------
     0 | D:1      | IndexError the Draconian Fire Elementalist began the quest
                  | for the Orb.
     0 | D:1      | Reached XP level 1. HP: 14/14 MP: 3/3
   305 | D:1      | Reached XP level 2. HP: 20/20 MP: 1/5
   668 | D:1      | Learned a level 2 spell: Scorch
   995 | D:2      | You fall into a shaft and drop 1 floor!
  1026 | D:3      | Reached XP level 3. HP: 26/26 MP: 2/6
  1030 | D:3      | Learned a level 3 spell: Inner Flame
  1046 | D:3      | Reached skill level 2 in Conjurations
  1046 | D:3      | Reached skill level 4 in Fire Magic
  1118 | D:3      | Killed from afar by an orc wizard

Illustrated notes

Levels and vault maps discovered:
D:1:      dpeg_arrival_leaves_temple_mockup, layout_loops_ring
D:2:      layout_loops_ring, basic_altar
D:3:      layout_loops_ring, old_standard_altar, hex_medium, minmay_door_square,
          uniq_grinder

Skill      XL: |  1  2  3 |
---------------+----------+-----
Conjurations   | 2 |  2.0
Fire Magic     | 4 |  4.0
Dodging        | |  1.7
Stealth        | |  1.7
Spellcasting   | |  2.5

Action                     || total
---------------------------++-------
  Melee: Short sword       ||     6
         Unarmed           ||     6
         Whip              ||    32
         Tailslap          ||     4
   Cast: Foxfire           ||    30
         Scorch            ||     1
   Stab: Sleeping          ||     1
 Armour: Skin              ||     8
  Dodge: Dodged            ||    24

Levels and vault maps discovered:
D:1:      dpeg_arrival_leaves_temple_mockup, layout_loops_ring
D:2:      layout_loops_ring, basic_altar
D:3:      layout_loops_ring, old_standard_altar, hex_medium, minmay_door_square,
          uniq_grinder

Table legend: (Time is in decaauts)
 A = Elapsed time spent in this place.
 B = Non-inter-level travel time spent in this place.
 C = Inter-level travel time spent in this place.
 D = Time resting spent in this place.
 E = Time spent auto-exploring this place.
 F = Levels seen in this place.
 G = Mean time per level.
                   A        B        C        D        E       F      G
               +--------+--------+--------+--------+--------+-----+--------+
         Total |   1119 |   1088 |     31 |      0 |    914 |   3 |  373.0 |
       Dungeon |   1119 |   1088 |     31 |      0 |    914 |   3 |  373.0 |
               +--------+--------+--------+--------+--------+-----+--------+

Top non-repeatable levels by time:
     D:1: 996 daAuts
     D:3: 123 daAuts

Table legend:
 A = Kills in this place as a percentage of kills in the entire game.
 B = Kills by you in this place as a percentage of kills by you in the entire game.
 C = Kills by friends in this place as a percentage of kills by friends in the entire game.
 D = Other kills in this place as a percentage of other kills in the entire game.
 E = Experience gained in this place as a percentage of experience gained in the entire game.
 F = Experience gained in this place divided by the number of levels of this place that you have seen.
                   A       B       C       D       E      F
               +-------+-------+-------+-------+-------+----------------------
         Total | 100.0 | 100.0 |   N/A |   N/A | 100.0 |  28.0
       Dungeon | 100.0 | 100.0 |   N/A |   N/A | 100.0 |  28.0
               +-------+-------+-------+-------+-------+----------------------
